Map: Blackrock LE

Players

GhostRobo - Winner!

  • Race: Terran Terran
  • Spawn Location: 7:00

A.I. 1 (Elite)

  • Race: Zerg Zerg
  • Spawn Location: 1:00

VOD

Have the link to the VOD?

Description

Time

  • Played on: July 5, 2026, 8:28 a.m.
  • Length: 17:41
Show
View Real Time Build Order
Export as new Build Order

GhostRobo Terran - Winner!

Build Orders: Reaper Expand 

Get SALT Encoding   

  8  0:00  SCV  
  9  0:12  SCV  
  10  0:24  SCV  
  11  0:32  Supply Depot  
  11  0:37  SCV  
  12  0:49  SCV  
  13  0:57  Barracks  
  13  1:05  Refinery  
  13  1:09  SCV  
  14  1:21  SCV  
  15  1:33  SCV  
  16  1:47  Orbital Command  
  16  1:53  Reaper  
  17  2:15  Command Center  
  17  2:17  SCV  
  18  2:29  Marine  
  19  2:39  SCV  
  19  2:43  Supply Depot  
  20  2:51  SCV  
  20  2:54  Barracks Reactor  
  21  3:04  SCV  
  22  3:33  SCV  
  23  3:43  Marine x2  
  23  3:44  Factory  
  23  3:45  SCV  
  23  3:47  Orbital Command  
  26  3:53  Refinery  
  26  3:58  SCV  
  27  4:10  SCV  
  27  4:11  Supply Depot  
  28  4:22  Marine x2, SCV  
  31  4:30  Factory Tech Lab, Starport  
  31  4:34  SCV  
  31  4:37  Supply Depot  
  31  4:38  SCV  
  33  4:39  Marine x2  
  35  4:46  SCV  
  35  4:47  Barracks  
  35  4:50  SCV  
  35  4:51  Barracks  
  37  4:56  Command Center  
  37  4:58  SCV  
  37  4:59  Marine  
  39  5:02  SCV  
  39  5:05  Siege Tank  
  43  5:10  SCV  
  44  5:14  SCV  
  44  5:17  Starport Reactor  
  45  5:22  SCV  
  45  5:26  SCV  
  47  5:29  Engineering Bay  
  47  5:30  Engineering Bay  
  47  5:34  SCV  
  47  5:35  Supply Depot  
  48  5:38  SCV  
  49  5:46  SCV  
  49  5:47  Marine x2  
  52  5:50  SCV  
  52  5:51  Barracks Tech Lab x2  
  53  5:59  SCV  
  53  6:00  Terran Infantry Weapons Level 1, Terran Infantry Armor Level 1  
  53  6:02  SCV  
  55  6:04  Siege Tank, Marine  
  55  6:05  Marine  
  55  6:11  SCV x2  
  61  6:13  Refinery  
  61  6:14  Refinery, SCV  
  61  6:16  Supply Depot  
  63  6:19  Medivac  
  63  6:23  SCV  
  68  6:27  SCV  
  69  6:35  SCV  
  69  6:36  Combat Shield, Stimpack  
  68  6:42  Orbital Command  
  68  6:53  SCV x2  
  70  6:58  Marine  
  70  6:59  Marine x2  
  70  7:00  Widow Mine  
  70  7:01  Orbital Command  
  75  7:04  Medivac  
  75  7:05  SCV x2  
  79  7:11  Barracks  
  79  7:12  Barracks  
  79  7:17  SCV x2  
  79  7:21  Marine x3, Siege Tank  
  87  7:34  Supply Depot x2  
  87  7:35  Marine  
  87  7:36  SCV x2, Medivac  
  92  7:39  Marine x3  
  95  7:53  Refinery  
  95  7:55  Marine  
  95  7:56  SCV x3, Refinery, Siege Tank, Marine  
  103  7:59  Supply Depot  
  103  8:08  SCV x3  
  103  8:11  Armory  
  106  8:15  Marine x2  
  106  8:16  Barracks Reactor x2  
  106  8:18  Marine x2  
  110  8:20  SCV x3  
  110  8:21  Medivac, Supply Depot  
  115  8:28  Siege Tank  
  115  8:29  Supply Depot  
  115  8:32  SCV  
  119  8:43  Marine x4, SCV  
  124  8:50  Supply Depot  
  124  8:52  Marine x4, Supply Depot  
  124  8:54  Supply Depot  
  124  8:55  Medivac  
  130  8:59  Terran Infantry Weapons Level 2  
  130  9:00  Siege Tank, Marine x2  
  130  9:02  Terran Infantry Armor Level 2  
  135  9:11  Marine x6, SCV x2  
  135  9:14  SCV  
  135  9:15  Supply Depot  
  144  9:18  Marine x2  
  144  9:24  SCV x2  
  148  9:26  SCV  
  148  9:29  Marine x5  
  137  9:32  Siege Tank  
  137  9:36  Marine x2  
  137  9:38  Marine, SCV  
  130  9:40  Medivac x2  
  134  9:47  Marine x5  
  139  9:54  Marine x2  
  139  9:56  Marine  
  142  10:04  Siege Tank  
  142  10:05  Marine x5  
  150  10:10  Medivac x2  
  150  10:12  Marine x2  
  150  10:13  Marine  
  157  10:21  SCV  
  157  10:22  SCV x2, Marine x5  
  157  10:27  Terran Vehicle Weapons Level 1  
  165  10:30  Marine x2  
  165  10:31  Command Center  
  165  10:34  Barracks  
  167  10:36  Barracks  
  167  10:39  Barracks  
  167  10:43  Supply Depot x2  
  167  11:04  Marine x6, SCV, Siege Tank  
  167  11:05  Medivac x2, SCV  
  167  11:11  Marine x2  
  169  11:22  Marine x6  
  159  11:26  SCV  
  159  11:28  Marine x2  
  153  11:37  Widow Mine  
  153  11:38  Medivac x2  
  159  11:40  Marine x6  
  159  11:46  Marine x2  
  146  11:57  Marine x3  
  146  11:58  Siege Tank, Marine x3  
  150  12:04  Marine x2  
  150  12:07  Terran Infantry Weapons Level 3  
  150  12:08  Terran Infantry Armor Level 3, Medivac x2  
  154  12:10  Planetary Fortress  
  154  12:15  Marine x3  
  156  12:16  Marine x3  
  156  12:22  Marine x2  
  152  12:30  Siege Tank  
  152  12:33  Marine x6  
  160  12:38  Medivac x2  
  160  12:40  Marine x2  
  165  12:51  Marine x6  
  158  12:57  Marine x2  
  166  13:02  Siege Tank  
  169  13:08  Medivac x2  
  169  13:09  Marine  
  169  13:10  Marine x5  
  179  13:15  Marine x2  
  181  13:24  Barracks Reactor x2  
  181  13:25  Barracks Reactor  
  181  13:26  Marine  
  182  13:28  Marine x3  
  185  13:34  Siege Tank  
  188  13:43  Marine  
  188  13:44  Marine x4  
  188  13:45  Command Center, Marine  
  188  13:46  Marine x2, Refinery  
  188  13:47  Terran Vehicle Weapons Level 2  
  188  13:48  Refinery  
  196  13:49  Command Center  
  196  13:51  Supply Depot  
  196  14:02  Marine  
  196  14:05  Marine  
  196  14:06  Marine x3  
  196  14:09  Marine x2  
  196  14:13  Marine, Siege Tank  
  194  14:45  Siege Tank  
  195  15:12  Marine  
  195  15:13  Marine x4  
  200  15:19  Planetary Fortress  
  200  15:21  Planetary Fortress  
  198  16:07  Command Center  
  197  17:08  Barracks  
  197  17:09  Barracks x2  
  197  17:10  Barracks  
Show
View Real Time Build Order
Export as new Build Order

A.I. 1 (Elite) Zerg 

Build Orders: Pool First, Lurkers 

Get SALT Encoding   

  8  0:00  Drone  
  9  0:11  Drone  
  10  0:16  Drone  
  11  0:21  Drone  
  12  0:33  Overlord  
  12  0:51  Drone x3  
  15  1:01  Drone  
  16  1:10  Spawning Pool  
  15  1:13  Drone  
  16  1:21  Drone  
  17  1:41  Hatchery  
  17  1:42  Drone  
  17  1:44  Extractor  
  16  1:47  Drone  
  16  1:51  Drone  
  18  2:00  Drone  
  19  2:10  Overlord  
  19  2:20  Drone  
  20  2:28  Queen  
  22  2:30  Zergling x2  
  23  2:40  Drone  
  24  2:50  Drone  
  25  2:53  Queen  
  25  2:58  Roach Warren  
  26  3:03  Drone  
  27  3:06  Extractor  
  27  3:09  Drone  
  27  3:13  Drone  
  27  3:17  Drone  
  28  3:20  Drone  
  28  3:25  Drone  
  30  3:28  Zergling x2  
  30  3:30  Zergling x2  
  32  3:39  Overlord  
  32  3:57  Drone x2, Roach x2  
  32  3:59  Roach  
  40  4:12  Lair  
  40  4:14  Overlord  
  40  4:22  Overlord  
  40  4:33  Zergling x6, Roach, Drone  
  40  4:34  Drone  
  40  4:37  Drone  
  48  4:40  Drone  
  48  4:42  Drone  
  50  4:46  Overlord  
  50  4:51  Roach  
  52  4:54  Roach  
  52  4:57  Roach  
  56  5:09  Overlord  
  56  5:11  Drone  
  56  5:12  Hydralisk Den  
  56  5:13  Drone  
  57  5:15  Drone  
  57  5:17  Drone  
  57  5:19  Drone  
  60  5:22  Drone  
  60  5:24  Drone  
  60  5:27  Overlord  
  62  5:30  Drone  
  62  5:32  Drone  
  62  5:34  Drone  
  65  5:36  Drone  
  65  5:37  Drone  
  65  5:40  Drone  
  65  5:41  Drone  
  69  5:43  Hydralisk, Drone  
  69  5:46  Overlord  
  72  5:50  Hydralisk  
  72  5:53  Hydralisk  
  72  5:56  Hydralisk  
  78  5:59  Drone  
  78  6:01  Drone  
  80  6:06  Overlord  
  80  6:07  Drone, Roach  
  80  6:09  Hydralisk  
  85  6:12  Hydralisk  
  87  6:21  Metabolic Boost  
  87  6:22  Evolution Chamber  
  86  6:26  Overlord  
  86  6:28  Drone  
  86  6:30  Hatchery  
  86  6:38  Drone  
  87  6:44  Ravager, Evolution Chamber  
  87  6:46  Roach  
  89  6:48  Zerg Ground Armor Level 1  
  89  6:50  Evolution Chamber  
  89  6:51  Drone  
  89  6:56  Ravager  
  89  6:57  Extractor  
  89  6:58  Drone  
  89  7:00  Extractor  
  89  7:01  Roach, Overlord, Drone  
  92  7:09  Zerg Melee Weapons Level 1  
  92  7:14  Overseer  
  92  7:15  Zerg Missile Weapons Level 1  
  92  7:20  Drone x3  
  92  7:21  Spine Crawler  
  92  7:22  Drone x3  
  97  7:23  Drone  
  97  7:28  Overlord  
  98  7:33  Lurker Den  
  97  7:41  Spine Crawler  
  97  7:42  Drone x3  
  97  7:43  Drone x4  
  97  7:44  Roach, Drone x3  
  106  7:45  Drone  
  109  7:51  Extractor  
  109  7:52  Drone, Overlord  
  109  7:54  Drone  
  110  8:02  Drone x2  
  110  8:04  Drone  
  113  8:06  Drone x2, Roach  
  113  8:08  Glial Reconstitution  
  113  8:10  Pneumatized Carapace  
  113  8:11  Overlord  
  118  8:12  Drone  
  118  8:13  Hydralisk  
  118  8:14  Drone  
  118  8:15  Drone  
  118  8:16  Drone  
  123  8:21  Drone  
  123  8:23  Burrow, Drone  
  123  8:24  Hydralisk  
  123  8:26  Spore Crawler  
  126  8:27  Spore Crawler  
  126  8:31  Overlord, Lurker x2  
  126  8:33  Zergling x2  
  128  8:34  Drone  
  128  8:35  Zergling x4  
  128  8:36  Drone  
  128  8:40  Baneling Nest  
  131  8:41  Drone  
  131  8:43  Zergling x2  
  131  8:45  Hydralisk x2  
  131  8:46  Zergling x2  
  137  8:50  Overlord  
  137  8:57  Zerg Ground Armor Level 2, Spine Crawler  
  137  8:59  Drone  
  137  9:00  Lurker  
  138  9:03  Extractor  
  138  9:04  Drone, Hydralisk  
  138  9:06  Queen  
  138  9:09  Overlord  
  142  9:14  Zerg Melee Weapons Level 2  
  142  9:28  Hatchery, Zergling x10, Drone  
  142  9:29  Zergling x8  
  131  9:31  Roach  
  131  9:32  Roach x2  
  131  9:35  Roach  
  119  9:38  Hydralisk  
  119  9:39  Lurker, Zergling x2  
  119  9:45  Hydralisk  
  125  9:47  Spine Crawler  
  125  9:48  Hydralisk  
  125  9:49  Hydralisk, Drone  
  125  9:50  Roach x2  
  133  9:56  Roach  
  133  9:59  Roach x2  
  139  10:00  Spine Crawler, Baneling x2, Hydralisk, Drone  
  139  10:01  Roach  
  139  10:05  Hydralisk  
  145  10:08  Overlord  
  145  10:09  Baneling  
  145  10:10  Baneling x4, Zergling x2, Spine Crawler  
  145  10:13  Baneling  
  145  10:14  Baneling  
  145  10:15  Baneling x2  
  145  10:16  Baneling, Drone  
  145  10:17  Baneling  
  145  10:18  Baneling, Zergling x2  
  145  10:20  Zergling x2, Baneling  
  148  10:21  Baneling, Zergling x2  
  148  10:22  Zergling x4  
  148  10:23  Baneling  
  148  10:24  Baneling  
  148  10:26  Baneling  
  148  10:27  Zergling x2, Baneling  
  152  10:28  Zergling x4  
  152  10:29  Overlord, Zergling x2  
  152  10:33  Centrifugal Hooks  
  155  10:40  Queen  
  157  10:43  Zerg Missile Weapons Level 2  
  157  10:45  Extractor  
  157  10:46  Drone  
  157  10:49  Lurker  
  158  10:51  Extractor, Drone  
  158  10:52  Hydralisk, Spore Crawler, Drone  
  158  10:54  Spore Crawler  
  158  10:55  Drone  
  158  10:56  Spine Crawler  
  158  10:57  Drone  
  160  10:58  Spore Crawler, Lurker  
  160  10:59  Drone  
  160  11:04  Overseer  
  161  11:05  Overseer  
  161  11:09  Zergling x4  
  161  11:10  Zergling x2  
  161  11:11  Zergling x4  
  160  11:12  Zergling x2  
  160  11:13  Zergling x4  
  160  11:14  Zergling x2  
  160  11:17  Roach  
  139  11:20  Roach  
  139  11:21  Hydralisk  
  139  11:22  Roach  
  139  11:24  Roach  
  113  11:26  Hydralisk  
  113  11:27  Zergling x2  
  113  11:28  Baneling x2, Hydralisk  
  113  11:29  Baneling x3  
  113  11:30  Roach  
  113  11:31  Roach  
  113  11:32  Roach  
  113  11:34  Roach  
  113  11:35  Hydralisk  
  113  11:38  Zergling x2, Hydralisk  
  112  11:41  Hydralisk, Drone x2, Zergling x2  
  112  11:43  Drone x3, Zergling x2  
  112  11:44  Zergling x2  
  112  11:45  Drone, Zergling x2  
  112  11:46  Zergling x2  
  117  11:48  Roach  
  117  11:50  Roach  
  117  11:51  Zergling x2  
  117  11:54  Roach  
  116  12:00  Roach  
  116  12:01  Roach  
  116  12:03  Baneling x3  
  116  12:04  Baneling x2, Lurker  
  116  12:05  Ravager  
  116  12:06  Roach, Hydralisk  
  122  12:08  Zergling x2  
  122  12:09  Zergling x2  
  122  12:10  Zergling x2  
  125  12:18  Infestation Pit  
  125  12:19  Roach  
  125  12:20  Drone  
  125  12:21  Zergling x2  
  109  12:23  Hydralisk, Drone  
  109  12:24  Drone  
  103  12:30  Roach  
  103  12:37  Zergling x2  
  98  12:41  Drone  
  98  12:42  Roach  
  98  12:44  Drone, Hydralisk  
  99  12:45  Zergling x2  
  99  12:48  Hydralisk  
  99  12:49  Drone  
  99  12:50  Drone  
  96  12:51  Roach  
  96  12:53  Roach  
  96  12:55  Drone  
  96  12:56  Drone  
  96  12:57  Hive  
  100  13:02  Drone  
  100  13:03  Drone x4  
  99  13:10  Overseer  
  99  13:12  Drone  
  90  13:13  Drone  
  90  13:15  Zergling x2  
  90  13:16  Drone  
  90  13:18  Drone  
  90  13:19  Drone  
  93  13:20  Drone  
  93  13:22  Drone  
  93  13:23  Drone  
  93  13:25  Drone  
  93  13:26  Drone  
  97  13:28  Drone  
  97  13:29  Drone  
  97  13:31  Zergling x2  
  97  13:32  Zergling x2  
  97  13:33  Drone  
  101  13:34  Zergling x2  
  101  13:36  Zergling x2  
  101  13:37  Zergling x2  
  101  13:38  Zergling x2  
  101  13:39  Zergling x2  
  101  13:40  Baneling  
  106  13:41  Zergling x2  
  106  13:42  Drone  
  106  13:43  Baneling  
  106  13:44  Baneling  
  106  13:45  Zergling x2  
  108  13:48  Roach, Baneling  
  108  13:49  Roach, Baneling, Zergling x2  
  108  13:51  Infestor  
  108  13:52  Baneling  
  108  13:53  Baneling x2  
  108  13:54  Drone, Zergling x2  
  108  13:55  Baneling x2  
  112  13:56  Zergling x2  
  112  13:57  Baneling  
  112  13:58  Zergling x2  
  112  13:59  Zergling x2  
  112  14:00  Baneling x2  
  112  14:02  Zergling x2  
  114  14:03  Zergling x2  
  114  14:04  Zergling x2  
  114  14:06  Hydralisk  
  114  14:09  Roach  
  103  14:10  Ultralisk Cavern, Roach  
  103  14:12  Roach  
  103  14:14  Roach  
  103  14:16  Hydralisk  
  102  14:18  Hydralisk  
  102  14:21  Hydralisk  
  102  14:23  Drone  
  105  14:24  Overseer  
  105  14:25  Zergling x2  
  105  14:27  Zergling x2  
  105  14:28  Zergling x2  
  105  14:29  Zergling x2  
  105  14:30  Hydralisk  
  105  14:31  Baneling  
  105  14:32  Zergling x2, Drone  
  105  14:33  Baneling  
  105  14:38  Baneling x3, Roach  
  101  14:41  Roach  
  101  14:43  Zergling x2  
  101  14:44  Drone  
  101  14:45  Drone x2, Zergling x2  
  98  14:46  Zergling x2  
  82  14:58  Roach  
  65  15:00  Ultralisk  
  65  15:03  Roach  
  65  15:04  Roach  
  63  15:14  Hydralisk  
  63  15:17  Drone x2  
  63  15:24  Zergling x4, Drone  
  57  15:30  Roach x2  
  57  15:35  Hydralisk  
  54  15:36  Roach  
  54  15:42  Drone x2  
  58  15:48  Zergling x2, Drone  
  58  15:49  Zergling x2  
  44  15:57  Roach  
  44  16:03  Roach  
  23  16:33  Spawning Pool  
  20  16:53  Overlord  
  20  16:55  Drone  
  21  17:08  Drone x2  
  21  17:15  Drone  
  22  17:23  Zergling x2  
Tags
 
Composition
Lurkers
Matchup
TvZ
Spawn Locations
Cross Positions
Add a new tag
Caveats
  • Supply blocks, unpowered buildings, or Contaminate may cause inaccurate times.
  • Supply counts are checked every 10 seconds.